 Dungeon Crawl Stone Soup version 0.21.1-1-g345015f (webtiles) character file.

473958 shakethe the Hoplite (level 23, -7/218 HPs)
             Began as a Minotaur Berserker on Feb 7, 2018.
             Was a High Priest of the Shining One.
             Mangled by a purple very ugly thing (14 damage)
             ... on level 4 of the Depths.
             The game lasted 06:02:14 (63809 turns).

shakethe the Hoplite (Minotaur Berserker)          Turns: 63809, Time: 06:02:14

Health: -7/218     AC: 29    Str: 22 (31) XL:     23   Next: 58%
Magic:  34/38      EV: 19    Int:  4      God:    the Shining One [*****.]
Gold:   3322       SH: 39    Dex: 23      Spells: 27/31 levels left

rFire    + + .     SeeInvis .   a - +8 war axe of the Vine {elec, rN++ Dex+5}
rCold    + . .     Gourm    .   m - +4 large shield
rNeg     + + +     Faith    .   w - +1 plate armour {rF+}
rPois    .         Spirit   .   E - +2 hat
rElec    +         Reflect  .   Z - scarf {rC+ rF+}
rCorr    .         Harm     .   T - +2 pair of gloves {Str+3}
MR       +++..                  C - +2 pair of boots {run}
Stlth    ..........             Q - amulet of regeneration
HPRegen  0.86/turn              g - ring "Canae" {MR+ MP+9}
MPRegen  0.26/turn              W - ring "Zattack" {+Inv rElec MR+ Str+4 Stlth-}

@: divine shield, hasted, glowing, very quick
A: retaliatory headbutt, horns 2, blurry vision 1
}: 2/15 runes: decaying, serpentine
a: Divine Shield, Cleansing Flame, Summon Divine Warrior, Renounce Religion,
Evoke Invisibility


You were on level 4 of the Depths.
You worshipped the Shining One.
The Shining One was extremely pleased with you.
You were not hungry.

You visited 9 branches of the dungeon, and saw 44 of its levels.
You also visited: Desolation.

You collected 5454 gold pieces.
You spent 2132 gold pieces at shops.

Inventory:

Hand Weapons
 a - the +8 war axe of the Vine (weapon) {elec, rN++ Dex+5}
   (Trog gifted it to you on level 2 of the Elven Halls)

   Occasionally, upon striking a foe, it will discharge some electrical energy
   and cause terrible harm.
   It affects your dexterity (+5).
   It greatly protects you from negative energy.
 o - a +0 eveningstar of crushing
 p - a +3 antimagic broad axe
 z - a +1 eveningstar of freezing
 S - the +7 flail "Buugahy" {venom, MR+ Int-3 Stlth+}
   (You found it on level 9 of the Dungeon)

   It poisons the flesh of those it strikes.
   It affects your intelligence (-3).
   It affects your resistance to hostile enchantments.
   It makes you more stealthy.
Missiles
 u - 5 javelins of returning (quivered)
Armour
 m - a +4 large shield (worn)
 w - a +1 plate armour of fire resistance (worn)
 C - a +2 pair of boots of running (worn)
 E - a +2 hat (worn)
 T - a +2 pair of gloves of strength (worn)
 Z - a scarf of resistance (worn)
Jewellery
 g - the ring "Canae" (left hand) {MR+ MP+9}
   (You found it in the Desolation of Salt)

   [ring of magical power]

   It affects your resistance to hostile enchantments.
   It affects your magic capacity (+9).
 h - an uncursed ring of poison resistance
 J - an uncursed ring of protection from fire
 N - an uncursed ring of see invisible
 O - an uncursed ring of resist corrosion
 Q - an amulet of regeneration (around neck)
 W - the ring "Zattack" (right hand) {+Inv rElec MR+ Str+4 Stlth-}
   (You took it off an imperial myrmidon in the Desolation of Salt)

   [ring of protection from magic]

   It affects your strength (+4).
   It insulates you from electricity.
   It affects your resistance to hostile enchantments.
   It lets you turn invisible.
   It makes you less stealthy.
 X - an uncursed ring of flight
Wands
 b - a wand of acid (32)
 f - a wand of iceblast (47)
 q - a wand of polymorph (49)
 x - a wand of paralysis (49)
 B - a wand of scattershot (6)
 G - a wand of digging (9)
Scrolls
 d - a scroll of holy word
 i - 3 scrolls of magic mapping
 j - 19 scrolls of remove curse
 l - a scroll of brand weapon
 r - a scroll of summoning
 s - 3 scrolls of fog
 v - 3 scrolls of enchant weapon
 y - 6 scrolls of fear
 F - a scroll of acquirement
 L - 11 scrolls of teleportation
 M - a scroll of silence
 Y - a scroll of amnesia
Potions
 e - 10 potions of curing
 k - 5 potions of might
 n - 4 potions of lignification
 t - 3 potions of resistance
 A - a potion of cancellation
 D - 7 potions of agility
 I - 3 potions of berserk rage
 R - 6 potions of flight
 U - 6 potions of invisibility
Miscellaneous
 P - a fan of gales
Comestibles
 c - 52 rations


   Skills:
 + Level 20.8 Fighting
 - Level 13.1(16.0) Axes
 - Level 15.6(17.2) Maces & Flails
 + Level 18.8 Armour
 + Level 15.9 Dodging
 - Level 25.0 Shields
 + Level 4.6 Spellcasting
 + Level 4.7 Charms
 + Level 5.1 Translocations
 + Level 6.7 Invocations
 - Level 10.0 Evocations


You had 27 spell levels left.
You knew the following spells:

 Your Spells              Type           Power        Failure   Level  Hunger
a - Shroud of Golubria    Chrm/Tloc      #.........   45%         2    ###....
b - Blink                 Tloc           N/A          41%         2    ###....


Dungeon Overview and Level Annotations

Branches:
Dungeon (15/15)            Temple (1/1) D:7            Lair (6/6) D:11
  Swamp (4/4) Lair:4        Snake (4/4) Lair:3        Slime (0/5) Lair:6
    Orc (2/2) D:11            Elf (3/3) Orc:2        Vaults (4/5) D:13
  Crypt (0/3) Vaults:3     Depths (5/5) D:15            Zot (0/5) Depths:5

Altars:
Cheibriados
Dithmenos
Fedhas
Kikubaaqudgha
Makhleb
Nemelex Xobeh
Okawaru
Trog
Vehumet
Wu Jian
Xom
Yredelemnul
Zin
The Shining One
Beogh
Lugonu

Shops:
D:4 ?   D:5 *   D:7 (   D:10 (   D:11 =!!(   Orc:1 [(!   Orc:2 [*[   Elf:1 (
Elf:2 :   Vaults:2 (

Portals:
Hell: Depths:1 Depths:2 Depths:3 Depths:4 Depths:5
Abyss: Depths:1 Depths:2 Depths:4
Pandemonium: Depths:3
Ziggurat: Depths:1

Annotations:
Swamp:3 exclusion: Roxanne, Roxanne
Depths:4 Xtahua


Innate Abilities, Weirdness & Mutations

You reflexively headbutt those who attack you in melee.
You have a pair of horns on your head.
Scrolls take you a little longer to read.


Message History

Okay, then.
You feel much better. You block the air elemental's attack. Xtahua bites you!
* * * LOW HITPOINT WARNING * * *
Xtahua claws you!
* * * LOW HITPOINT WARNING * * *
You block Xtahua's attack.
You block the purple very ugly thing's attack.
You block the air elemental's attack.
Okay, then.
Your divine shield is renewed.
You feel slightly more hungry.
You block the air elemental's attack. x2; Xtahua bites you!
* * * LOW HITPOINT WARNING * * *
You block Xtahua's attack. Xtahua closely misses you.
You block the purple very ugly thing's attack.
The air elemental misses you. You furiously retaliate!
You headbutt the air elemental!
You feel yourself speed up. The air elemental hits you.
* * * LOW HITPOINT WARNING * * *
You block Xtahua's attack. x3; The purple very ugly thing gores you!
You die...

###.).(...§§.............
######§_§#.................
##...###∩##.....≈≈..........
#......###......§≈##########
#..............§§≈#....)###.
##.....#....#..§≈≈#.).###...
##...##..#.##§≈..#.###....#
#...<..##D##....#.#....###
#......#E@#.....#....###..
##.......u.#....#..###....
#..............####....##
##.≈...........##....###.
##.≈§..............###..)
#...≈...........[###|...#
##.≈§§§............###...
#...§≈§........##.[..###.
##....≈§§......####..)[##


You could see Xtahua, a purple very ugly thing and an air elemental.

Vanquished Creatures
  Mara (Swamp:3)
  Vashnia (Snake:3)
  A golden dragon (Depths:5)
  the Enchantress (Depths:3)
  Nikola (Depths:2)
  Rupert (D:15)
  4 liches
  Asterion (Vaults:3)
  A titan (Depths:5)
  2 deep elf blademasters (Elf:3)
  2 deep elf master archers (Elf:3)
  A tengu reaver (Vaults:4)
  A sphinx (shapeshifter) (Depths:5)
  Agnes (Elf:1)
  3 sphinxes
  Gastronok (D:8)
  A thorn hunter (Swamp:4)
  2 shadow dragons
  A draconian monk (Depths:5)
  3 fire giants
  8 nagarajas
  9 vault wardens
  2 deep elf sorcerers
  Louise (Elf:2)
  3 frost giants
  Aizul (Swamp:3)
  A draconian scorcher (Depths:5)
  2 orc warlords
  3 imperial myrmidons (Desolation)
  A draconian shifter (Depths:5)
  A deep elf elementalist (Elf:3)
  8 ironheart preservers
  5 spriggan defenders (Depths:3)
  6 caustic shrike skeletons (Depths:3)
  6 very ugly things
  20 stone giants
  2 green draconians (Depths:5)
  2 black draconians (Depths:5)
  2 entropy weavers
  2 vampire knights
  Azrael (Elf:1)
  6 deep elf demonologists
  2 deep elf annihilators (Elf:3)
  A purple draconian (Depths:5)
  A white draconian (Depths:5)
  8 spark wasps (Depths:4)
  A halazid warlock (Desolation)
  A crystal guardian (Desolation)
  6 deep elf death magi (Elf:3)
  5 ettins
  2 death oozes (Swamp:4)
  2 green deaths (Swamp:4)
  7 fire dragons
  3 deep elf high priests
  A merfolk impaler (Depths:2)
  6 ragged hierophants (Desolation)
  Fannar (D:12)
  Josephine (D:12)
  Erolcha (D:11)
  12 yaktaur captains
  23 naga warriors
  4 great orbs of eyes
  7 ice dragons
  15 hydras
  A ghost crab (Swamp:3)
  7 rakshasas
  8 anacondas
  A hell beast (Swamp:4)
  5 vault guards
  5 servants of whispers (Desolation)
  Erica (D:8)
  5 spriggan air magi
  4 peacekeepers (Desolation)
  4 alligators
  2 death knights
  6 deep troll shamans
  2 catoblepae
  13 centaur warriors
  10 ogre magi
  7 tengu warriors
  30 two-headed ogres
  19 dancing weapons
  10 deep troll earth magi
  6 spriggan berserkers
  20 death yaks
  A queen ant (Lair:3)
  2 vampire magi
  A hell hog (Depths:2)
  An orc high priest (Elf:2)
  24 deep elf knights
  12 naga sharpshooters
  4 shock serpents
  Sonja (D:11)
  5 iron trolls (Depths:2)
  A shadow wraith (Vaults:2)
  3 salamander mystics
  3 hell knights (Depths:5)
  The ghost of tidbits the Insei, a novice GnTm of Cheibriados (D:8)
  A flayed ghost (Vaults:2)
  3 unseen horrors
  6 glowing orange brains
  7 spriggan druids (Depths:3)
  32 deep trolls
  13 deep elf archers
  13 naga ritualists
  2 lindwurms (Lair:6)
  2 shambling mangroves
  15 ironbrand convokers
  Pikel (D:5)
  4 harpies (Vaults:4)
  6 swamp dragons
  17 orc knights
  56 deep elf magi
  6 mana vipers
  4 necromancers (Depths:5)
  8 orc sorcerers
  12 cyclopes
  A wolf spider (Vaults:2)
  17 salamanders
  A manticore (D:14)
  45 ugly things
  4 large abominations (Swamp:4)
  7 elephants
  2 guardian serpents (shapeshifter)
  9 guardian serpents
  33 black mambas
  4 molten gargoyles
  A water nymph (shapeshifter) (Elf:1)
  Joseph (D:7)
  The ghost of Dirian the Slasher, a novice MiFi of Jiyva (D:6)
  Maurice (D:8)
  26 naga magi
  3 orange demons (Swamp:4)
  Psyche (D:12)
  A spiny frog (shapeshifter) (Vaults:3)
  26 spiny frogs
  3 gargoyles (D:12)
  15 vault sentinels
  3 centaur skeletons
  11 komodo dragons
  3 freezing wraiths
  2 tengu conjurers
  A kobold demonologist (D:11)
  46 yaktaurs
  3 meliai (Lair:4)
  A queen bee (Lair:4)
  3 polar bears
  11 trolls
  5 tyrant leeches
  Prince Ribbit (Lair:1)
  A hornet (shapeshifter) (Vaults:2)
  20 hornets
  29 blink frogs
  A harpy skeleton (D:15)
  47 saltlings (Desolation)
  32 slime creatures
  16 bog bodies
  10 hippogriffs
  8 air elementals
  A stone giant simulacrum (Vaults:3)
  2 redbacks
  A vampire (D:13)
  Sigmund (D:5)
  7 water elementals
  A redback (shapeshifter) (Vaults:2)
  46 spriggans
  A tarantella (shapeshifter) (Vaults:1)
  Eustachio (D:4)
  2 yaks (shapeshifter)
  53 yaks
  A fire elemental (Elf:1)
  8 wraiths
  6 wyverns
  A shadow (Swamp:4)
  A basilisk (shapeshifter) (Vaults:4)
  18 vampire mosquitoes
  6 hungry ghosts
  2 steam dragons (Lair:6)
  5 basilisks
  10 soldier ants
  11 wargs
  3 insubstantial wisps (Swamp:4)
  A warg (shapeshifter) (D:15)
  52 nagas
  21 swamp worms
  A two-headed ogre zombie (D:11)
  2 acid dragons
  2 floating eyes
  19 water moccasins
  19 hell hounds
  14 porcupines
  4 swamp drakes
  14 ice beasts
  54 orc warriors
  6 sky beasts
  9 black bears
  2 eyes of draining
  A necrophage (D:9)
  23 boggarts
  37 ogres
  A tengu (shapeshifter) (Vaults:4)
  3 phantoms
  33 centaurs
  17 crocodiles
  Blork the orc (D:4)
  7 big kobolds
  11 bullfrogs
  3 earth elementals (Elf:1)
  4 scorpions
  3 troll zombies (D:11)
  31 killer bees
  An electric eel (Lair:4)
  8 howler monkeys
  12 wights
  12 crimson imps
  2 quasits
  6 hounds
  3 lava snakes (Lair:6)
  5 centaur zombies
  15 jellies
  29 orc wizards
  24 orc priests
  4 bullfrog skeletons
  7 iguanas
  Terence (D:2)
  Ijyb (D:3)
  Natasha (thrice) (D:4)
  28 worker ants
  4 ogre zombies (D:11)
  2 hound zombies
  A hound skeleton (D:10)
  2 mummies (D:9)
  3 worker ant zombies
  A gnoll (D:1)
  11 adders
  3 shadow imps
  3 oozes
  An adder skeleton (D:8)
  An adder zombie (D:5)
  5 worms
  2 dart slugs
  7 leopard geckos
  131 orcs
  5 ball pythons
  4 giant cockroaches
  8 goblins
  10 hobgoblins
  11 jackals
  3 quokkas
  9 bats
  2 frilled lizards (D:1)
  A goblin skeleton (D:11)
  4 goblin zombies (D:11)
  A hobgoblin skeleton (D:11)
  5 hobgoblin zombies (D:11)
  23 kobolds
  A leopard gecko skeleton (D:5)
  4 orc skeletons (D:11)
  10 orc zombies (D:11)
  A quokka skeleton (D:5)
  A quokka zombie (D:8)
  7 rats
  2 briar patches (Swamp:4)
  2 bushes
  3 pillars of salt (Elf:1)
  A plant (Lair:6)
2160 creatures vanquished.

Vanquished Creatures (collateral kills)
  Saint Roka (Vaults:4)
  A vault warden (Vaults:4)
  A stone giant (Vaults:4)
  A ragged hierophant (Desolation)
  A servant of whispers (Desolation)
  A peacekeeper (Desolation)
  A phantasmal warrior (Vaults:4)
  4 ironbrand convokers
  A guardian serpent (Desolation)
  A freezing wraith (Vaults:4)
  2 yaktaurs (Vaults:4)
  6 saltlings (Desolation)
  2 orc warriors (Vaults:4)
  An ogre (Vaults:4)
  An orc wizard (Vaults:4)
  2 orcs (Vaults:4)
27 creatures vanquished.

Vanquished Creatures (others)
  A fire dragon (Depths:5)
  An unseen horror (Vaults:1)
  An ugly thing (Depths:5)
  A salamander (Snake:2)
  An orange demon (Swamp:4)
  A hornet (Swamp:4)
  A fire elemental (Elf:2)
  A basilisk (shapeshifter) (Depths:1)
  An ogre (D:7)
  A centaur (Vaults:1)
  A boggart (Vaults:2)
  An earth elemental (Elf:3)
  A hound (D:7)
  An orc (Orc:1)
  6 briar patches (Swamp:4)
  A bush (D:11)
  4 fungi
  A pillar of salt (Elf:1)
  14 plants
40 creatures vanquished.

Grand Total: 2227 creatures vanquished

Notes
Turn   | Place    | Note
-------+----------+-------------------------------------------
     0 | D:1      | shakethe the Minotaur Berserker began the quest for the Orb.
     0 | D:1      | Reached XP level 1. HP: 19/19 MP: 0/0
   180 | D:1      | Reached XP level 2. HP: 21/26 MP: 1/1
   503 | D:1      | Reached skill level 5 in Axes
   533 | D:1      | Reached XP level 3. HP: 12/31 MP: 2/2
  1278 | D:2      | Noticed Terence
  1285 | D:2      | Reached ** piety under Trog
  1304 | D:2      | Killed Terence
  1304 | D:2      | Reached XP level 4. HP: 33/39 MP: 3/3
  1779 | D:3      | Noticed Ijyb
  1793 | D:3      | Killed Ijyb
  1793 | D:3      | Reached XP level 5. HP: 11/45 MP: 4/4
  2191 | D:3      | Found an ornate altar of the Wu Jian Council.
  2313 | D:3      | Found a glowing golden altar of the Shining One.
  2364 | D:3      | Found a burning altar of Makhleb.
  2364 | D:3      | Found a shimmering altar of Xom.
  2371 | D:3      | Paralysed by a crimson imp for 4 turns
  2712 | D:4      | Noticed Natasha
  2728 | D:4      | Killed Natasha
  2728 | D:4      | Reached XP level 6. HP: 42/51 MP: 5/5
  3011 | D:4      | Found Sairgh's Magic Scroll Emporium.
  3016 | D:4      | Bought a scroll of remove curse for 36 gold pieces
  3016 | D:4      | Bought a scroll of magic mapping for 42 gold pieces
  3021 | D:4      | Noticed Natasha
  3037 | D:4      | Killed Natasha
  3056 | D:4      | Noticed a hungry ghost
  3077 | D:4      | Killed a hungry ghost
  3077 | D:4      | Reached XP level 7. HP: 41/57 MP: 6/6
  3092 | D:4      | Noticed Blork the orc
  3092 | D:4      | Noticed Natasha
  3103 | D:4      | Killed Natasha
  3121 | D:4      | Killed Blork the orc
  3121 | D:4      | Reached skill level 10 in Axes
  3639 | D:4      | Reached *** piety under Trog
  3653 | D:4      | Noticed Eustachio
  3661 | D:4      | Killed Eustachio
  3930 | D:4      | Bought a scroll of enchant weapon for 90 gold pieces
  3947 | D:5      | Entered Level 5 of the Dungeon
  3952 | D:5      | Received a gift from Trog
  3974 | D:5      | Reached XP level 8. HP: 64/64 MP: 7/7
  3989 | D:5      | Noticed Pikel
  3998 | D:5      | Killed Pikel
  4371 | D:5      | Noticed Sigmund
  4378 | D:5      | Killed Sigmund
  4407 | D:5      | Found Ovvorph's Serpentskin Sales.
  4436 | D:5      | Found a snail-covered altar of Cheibriados.
  4584 | D:5      | Found a shadowy altar of Dithmenos.
  4587 | D:5      | Found an iron altar of Okawaru.
  4590 | D:5      | Found a radiant altar of Vehumet.
  4741 | D:6      | Reached XP level 9. HP: 70/70 MP: 8/8
  4744 | D:6      | Reached skill level 10 in Maces & Flails
  5043 | D:6      | Noticed Dirian's ghost (novice MiFi)
  5054 | D:6      | Killed Dirian's ghost
  5310 | D:6      | Found a snail-covered altar of Cheibriados.
  5389 | D:6      | Reached **** piety under Trog
  5802 | D:7      | Found a blossoming altar of Fedhas.
  5939 | D:7      | Noticed Joseph
  5944 | D:7      | Killed Joseph
  6151 | D:7      | Reached XP level 10. HP: 70/77 MP: 9/9
  6193 | D:7      | Found a staircase to the Ecumenical Temple.
  6339 | D:7      | Found a glowing silver altar of Zin.
  6509 | D:7      | Found Taricsic's Antique Weapon Shoppe.
  7017 | Temple   | Entered the Ecumenical Temple
  7166 | D:8      | Noticed Gastronok
  7181 | D:8      | Killed Gastronok
  7181 | D:8      | Reached skill level 15 in Maces & Flails
  7208 | D:8      | Noticed tidbits's ghost (novice GnTm)
  7264 | D:8      | Killed tidbits's ghost
  7264 | D:8      | Reached skill level 1 in Shields
  7312 | D:8      | Reached skill level 2 in Shields
  7337 | D:8      | Noticed Maurice
  7360 | D:8      | Killed Maurice
  7360 | D:8      | Reached skill level 3 in Shields
  7515 | D:8      | Reached XP level 11. HP: 81/85 MP: 10/10
  7565 | D:8      | Reached ***** piety under Trog
  7568 | D:8      | Got an ichor-stained large shield
  7569 | D:8      | Identified the +4 large shield "Qiserig" {rN+ Str-5 Stlth+} (You found it on level 8 of the Dungeon)
  7573 | D:8      | Noticed Erica
  7582 | D:8      | Killed Erica
  7582 | D:8      | Reached skill level 5 in Fighting
  7582 | D:8      | Reached skill level 4 in Shields
  8446 | D:9      | Got a faintly glowing flail
  8459 | D:9      | Identified the +7 flail "Buugahy" {venom, MR+ Int-3 Stlth+} (You found it on level 9 of the Dungeon)
  8512 | D:9      | Reached skill level 5 in Shields
  8602 | D:9      | Reached skill level 5 in Armour
  8832 | D:9      | Got a scorched hunting sling
  9011 | D:10     | Entered Level 10 of the Dungeon
  9039 | D:10     | Found a sparkling altar of Nemelex Xobeh.
  9066 | D:10     | Reached skill level 6 in Shields
  9148 | D:10     | Noticed a two-headed ogre
  9160 | D:10     | Killed a two-headed ogre
  9646 | D:10     | Reached skill level 7 in Shields
  9669 | D:10     | Received a gift from Trog
  9830 | D:10     | Found Gellaenn's Weapon Emporium.
 10284 | D:11     | Reached skill level 8 in Shields
 10403 | D:11     | Reached skill level 9 in Shields
 10620 | D:11     | Found a staircase to the Orcish Mines.
 10658 | D:11     | Reached XP level 12. HP: 100/101 MP: 11/11
 10859 | D:11     | Reached ****** piety under Trog
 10859 | D:11     | Reached skill level 10 in Shields
 10861 | D:11     | Found a staircase to the Lair.
 11123 | D:11     | Found Nilypp's Jewellery Shop.
 11127 | D:11     | Found Ferap's Distillery.
 11195 | D:11     | Bought a potion of degeneration for 12 gold pieces
 11195 | D:11     | Bought a potion of haste for 120 gold pieces
 11195 | D:11     | Bought a potion of curing for 36 gold pieces
 11195 | D:11     | Bought a potion of heal wounds for 60 gold pieces
 11195 | D:11     | Bought a potion of might for 48 gold pieces
 11195 | D:11     | Bought a potion of lignification for 36 gold pieces
 11212 | D:11     | Noticed Erolcha
 11221 | D:11     | Killed Erolcha
 11368 | D:11     | Found Oneutaf's Distillery.
 11370 | D:11     | Found Weloen's Weapon Shop.
 11688 | D:11     | Noticed Sonja
 11691 | D:11     | Killed Sonja
 11844 | D:11     | Reached skill level 11 in Shields
 12036 | D:11     | Received a gift from Trog
 12065 | Lair:1   | Entered Level 1 of the Lair of Beasts
 12150 | Lair:1   | Identified a +1 pair of boots of running (You found it on level 1 of the Lair of Beasts)
 12525 | Lair:1   | Noticed Prince Ribbit
 12547 | Lair:1   | Killed Prince Ribbit
 12966 | Lair:1   | Reached skill level 12 in Shields
 14233 | Lair:3   | Reached XP level 13. HP: 83/113 MP: 12/12
 14238 | Lair:3   | Reached skill level 10 in Fighting
 14344 | Lair:3   | Found a staircase to the Snake Pit.
 14675 | Lair:3   | Reached skill level 13 in Shields
 14742 | Lair:3   | Reached skill level 10 in Armour
 14970 | Lair:3   | Received a gift from Trog
 15001 | Lair:3   | Got a shimmering great mace {god gift}
 15507 | Lair:4   | Reached skill level 14 in Shields
 15888 | Lair:4   | Found a staircase to the Swamp.
 17081 | D:11     | Bought an uncursed amulet of regeneration for 360 gold pieces
 17114 | D:11     | Identified the +4 great mace of the Sun {flame, rPois rC- Dex+2} (Trog gifted it to you on level 3 of the Lair of Beasts)
 17415 | Lair:5   | Received a gift from Trog
 17415 | Lair:5   | Reached skill level 15 in Shields
 17471 | Lair:5   | Got a steaming ring mail
 17782 | Lair:5   | Identified the +4 ring mail "Riasatai" {Dex+5} (You found it on level 5 of the Lair of Beasts)
 18193 | Lair:6   | Entered Level 6 of the Lair of Beasts
 18265 | Lair:6   | Reached XP level 14. HP: 82/126 MP: 13/13
 18317 | Lair:6   | Found a radiant altar of Vehumet.
 18512 | Lair:6   | Found a frozen archway.
 18559 | Lair:6   | Reached skill level 16 in Shields
 18611 | Lair:6   | Found a staircase to the Slime Pits.
 19173 | Lair:6   | Found a large runed door.
 19298 | Lair:6   | Found a large runed door.
 19548 | Lair:6   | Got a steaming rapier
 20024 | D:12     | Reached skill level 17 in Shields
 20231 | D:12     | You fall through a shaft for 2 floors!
 20543 | D:14     | Received a gift from Trog
 21275 | D:15     | Entered Level 15 of the Dungeon
 21303 | D:15     | Reached skill level 18 in Shields
 21844 | D:13     | Reached XP level 15. HP: 111/138 MP: 14/14
 22051 | D:13     | Found a gate to the Vaults.
 22180 | D:13     | Received a gift from Trog
 22655 | D:12     | Noticed Psyche
 22665 | D:12     | Killed Psyche
 22719 | D:12     | Received a gift from Trog
 22805 | D:12     | Noticed Josephine
 22829 | D:12     | Killed Josephine
 22847 | D:12     | Reached skill level 19 in Shields
 23016 | D:12     | Noticed Fannar
 23029 | D:12     | Killed Fannar
 23290 | Orc:1    | Entered Level 1 of the Orcish Mines
 23290 | Orc:1    | Found Ivoxziwoige's Armour Emporium.
 23662 | Orc:1    | Found Haturur's Weapon Shop.
 23680 | Orc:1    | Noticed an orc warlord
 23722 | Orc:1    | Killed an orc warlord
 23843 | Orc:1    | Found Zepsiruc's Distillery.
 23853 | Orc:1    | Bought a potion of brilliance for 48 gold pieces
 23853 | Orc:1    | Bought a potion of invisibility for 96 gold pieces
 24082 | Orc:2    | Entered Level 2 of the Orcish Mines
 24155 | Orc:2    | Noticed an orc warlord
 24173 | Orc:2    | Killed an orc warlord
 24184 | Orc:2    | Found a staircase to the Elven Halls.
 24190 | Orc:2    | Received a gift from Trog
 24571 | Orc:2    | Reached skill level 20 in Shields
 24645 | Orc:2    | Found Kapsale's General Store.
 24645 | Orc:2    | Found Ollerphex's Armour Shop.
 24747 | Orc:2    | Found Ceus Ped's Distillery.
 24747 | Orc:2    | Found Ycvennomn's Armour Shop.
 24772 | Orc:2    | Found a roughly hewn altar of Beogh.
 24911 | Orc:2    | Received a gift from Trog
 24971 | Orc:2    | Found a roughly hewn altar of Beogh.
 25623 | D:5      | Bought an uncursed ring of poison resistance for 280 gold pieces
 25801 | Orc:2    | Bought a scarf of resistance for 512 gold pieces
 25986 | Swamp:1  | Entered Level 1 of the Swamp
 26333 | Swamp:1  | You fall through a shaft!
 26845 | Swamp:1  | Reached skill level 21 in Shields
 27011 | Swamp:1  | Received a gift from Trog
 27798 | Swamp:2  | Reached XP level 16. HP: 141/146 MP: 15/15
 27909 | Swamp:3  | Noticed Mara
 27926 | Swamp:3  | Killed Mara
 28053 | Swamp:3  | Noticed Roxanne
 28645 | Swamp:4  | Entered Level 4 of the Swamp
 28645 | Swamp:4  | Noticed Aizul
 28713 | Swamp:3  | Killed Aizul
 28713 | Swamp:3  | Reached skill level 22 in Shields
 29311 | Swamp:4  | Noticed a thorn hunter
 29313 | Swamp:4  | Received a gift from Trog
 29351 | Swamp:4  | Killed a thorn hunter
 29711 | Swamp:4  | Reached skill level 23 in Shields
 30318 | Swamp:4  | Got a decaying rune of Zot
 30640 | Snake:1  | Entered Level 1 of the Snake Pit
 31034 | Snake:1  | Reached skill level 24 in Shields
 31103 | Snake:1  | Reached XP level 17. HP: 122/152 MP: 16/16
 31226 | Snake:1  | Received a gift from Trog
 31640 | Snake:1  | Paralysed by fainting for 10 turns
 31650 | Snake:1  | HP: 3/152 [naga warrior/trident (11)]
 32840 | Snake:2  | Reached skill level 25 in Shields
 33116 | Snake:2  | Received a gift from Trog
 33493 | Snake:3  | Noticed Vashnia
 34111 | Snake:3  | Killed Vashnia
 34111 | Snake:3  | Reached skill level 5 in Dodging
 34490 | Snake:4  | Entered Level 4 of the Snake Pit
 34820 | Snake:4  | Reached skill level 15 in Fighting
 36032 | Snake:4  | Reached XP level 18. HP: 163/163 MP: 17/17
 36155 | Snake:4  | Received a gift from Trog
 36977 | Snake:4  | Received a gift from Trog
 37043 | Snake:4  | Got a serpentine rune of Zot
 37737 | D:15     | Found a staircase to the Depths.
 37883 | D:15     | Noticed Rupert
 37904 | D:15     | Killed Rupert
 37904 | D:15     | Reached skill level 1 in Evocations
 38856 | Vaults:1 | Entered Level 1 of the Vaults
 39151 | Vaults:1 | Identified the Compendium of Lucky Evil Rituals
 40438 | Vaults:2 | Received a gift from Trog
 40762 | Vaults:2 | Reached skill level 10 in Dodging
 41033 | Vaults:2 | Reached XP level 19. HP: 174/174 MP: 21/21
 41112 | Vaults:2 | Got a wavering tin amulet
 41412 | Vaults:2 | Found Riprow's Antique Weapon Shoppe.
 41499 | Vaults:2 | Identified the amulet of Gluttony {Gourm Dex+2} (You took it off a rakshasa on level 2 of the Vaults)
 41588 | Vaults:2 | Reached skill level 5 in Evocations
 42183 | Vaults:3 | Found a basalt altar of Yredelemnul.
 42183 | Vaults:3 | Found a staircase to the Crypt.
 42183 | Vaults:3 | Found an ancient bone altar of Kikubaaqudgha.
 42277 | Vaults:3 | Received a gift from Trog
 42784 | Vaults:3 | Noticed Asterion
 42859 | Vaults:3 | Killed Asterion
 42922 | Vaults:3 | Received a gift from Trog
 43322 | Vaults:3 | Found Esoef's Distillery.
 44272 | Vaults:4 | Reached skill level 15 in Armour
 44409 | Vaults:4 | Noticed Saint Roka
 44429 | Vaults:4 | Killed Saint Roka
 44719 | Vaults:4 | Received a gift from Trog
 44728 | Vaults:4 | Got a pitted quarterstaff {god gift}
 44946 | Vaults:4 | Reached XP level 20. HP: 187/187 MP: 24/24
 45601 | Vaults:4 | Received a gift from Trog
 46217 | Elf:1    | Entered Level 1 of the Elven Halls
 46330 | Elf:1    | Found the +4 arc blade {discharge, rElec}
 46361 | Elf:1    | Noticed Azrael
 46389 | Elf:1    | Killed Azrael
 46426 | Elf:1    | Found a ruined gateway.
 46501 | Desolati | Entered the Desolation of Salt
 46731 | Desolati | Got a warped granite ring
 46734 | Desolati | Identified the ring "Zattack" {+Inv rElec MR+ Str+4 Stlth-} (You took it off an imperial myrmidon in the Desolation of Salt)
 47323 | Desolati | Got a shimmering scale mail
 47324 | Desolati | Identified the +5 scale mail "Xebiet" {+Fly rElec rF- rCorr} (You found it in the Desolation of Salt)
 47541 | Desolati | Got a faintly glowing bone ring
 47575 | Desolati | Identified the ring "Canae" {MR+ MP+9} (You found it in the Desolation of Salt)
 47733 | Desolati | Received a gift from Trog
 47981 | Desolati | Identified the Handbook of Combat Magic and Evil
 48769 | Elf:1    | Found Erritet's Antique Weapon Shoppe.
 48787 | Elf:1    | Bought a shimmering battleaxe for 356 gold pieces
 48908 | Elf:1    | Noticed Agnes
 48914 | Elf:1    | Killed Agnes
 49365 | Elf:1    | Received a gift from Trog
 49650 | Elf:1    | Identified the +1 battleaxe "Minotaur's Bane" {freeze, *Drain rPois MR+++ SInv} (You bought it in a shop on level 1 of the Elven Halls)
 49656 | Elf:1    | Got a translucent ruby amulet
 49671 | Elf:1    | Identified the amulet "Konuptit" {Inacc rC- MR+++ MP+9 Stlth+} (You found it on level 1 of the Elven Halls)
 50535 | Elf:2    | Found Ykleroir's Book Shop.
 50728 | Elf:2    | Reached XP level 21. HP: 129/198 MP: 27/27
 50893 | Elf:2    | Found a huge runed gate.
 50893 | Elf:2    | Found a huge runed gate.
 50902 | Elf:2    | Found a huge runed gate.
 50978 | Elf:2    | Received a gift from Trog
 51017 | Elf:2    | Got a warped war axe {god gift}
 51018 | Elf:2    | Identified the +8 war axe of the Vine {elec, rN++ Dex+5} (Trog gifted it to you on level 2 of the Elven Halls)
 51292 | Elf:2    | Found a huge runed gate.
 51300 | Elf:2    | Found a huge runed gate.
 51331 | Elf:2    | Noticed Louise
 51359 | Elf:2    | Killed Louise
 51444 | Elf:2    | Reached skill level 10 in Evocations
 51580 | Elf:2    | Gained mutation: Scrolls take you a little longer to read. [a neqoxec]
 52290 | Elf:3    | Entered Level 3 of the Elven Halls
 52637 | Elf:3    | Received a gift from Trog
 52653 | Elf:3    | Got a transparent demon trident {god gift}
 54213 | Elf:3    | Got a shimmering diamond amulet
 54218 | Elf:3    | Identified the amulet "Woeff" {Spirit +Fly Str+2 Dex-5} (You found it on level 3 of the Elven Halls)
 54289 | Elf:3    | Identified a scroll of acquirement
 54299 | Elf:3    | Identified the +8 demon trident "Dumagyaji" {freeze, Fragile rPois Str-3 Int+4} (Trog gifted it to you on level 3 of the Elven Halls)
 55350 | D:3      | Fell from the grace of Trog
 55350 | D:3      | Became a worshipper of the Shining One
 55610 | Depths:1 | Entered Level 1 of the Depths
 55613 | Depths:1 | Lost intelligence.
 56070 | Depths:1 | Learned a level 2 spell: Shroud of Golubria
 56073 | Depths:1 | Learned a level 2 spell: Blink
 56134 | Depths:1 | Reached skill level 1 in Invocations
 56208 | Depths:1 | Reached * piety under the Shining One
 56245 | Depths:1 | Got a scintillating steel ring
 56287 | Depths:1 | Reached skill level 1 in Charms
 56369 | Depths:1 | Found a one-way gate to the infinite horrors of the Abyss.
 56406 | Depths:1 | Reached skill level 1 in Translocations
 56413 | Depths:1 | Found a gateway to Hell.
 56449 | Depths:1 | Found a gateway to a ziggurat.
 56551 | Depths:2 | Reached skill level 1 in Spellcasting
 56606 | Depths:2 | Reached XP level 22. HP: 172/209 MP: 28/28
 56628 | Depths:2 | Lost intelligence.
 57077 | Depths:2 | Paralysed by Trog for 7 turns
 57763 | Depths:2 | Noticed Nikola
 57773 | Depths:2 | Killed Nikola
 57841 | Depths:2 | Reached ** piety under the Shining One
 57970 | Depths:2 | Paralysed by a floating eye for 3 turns
 58054 | Depths:2 | Reached *** piety under the Shining One
 58098 | Depths:2 | Reached skill level 15 in Dodging
 58645 | Depths:2 | Identified the ring of the Prince of Darkness {*Tele rF+} (You found it on level 1 of the Depths)
 59144 | Depths:3 | Found a bloodstained altar of Trog.
 59293 | Depths:3 | Paralysed by Trog for 5 turns
 59872 | Depths:3 | Found a one-way gate leading to the halls of Pandemonium.
 60191 | Depths:3 | Noticed the Enchantress
 60231 | Depths:3 | Killed the Enchantress
 60256 | Depths:3 | Got faerie dragon scales
 60270 | Depths:3 | Identified the +5 faerie dragon scales {rCorr Str+5 Dex+4 Slay-5} (You took it off the Enchantress on level 3 of the Depths)
 60899 | Depths:3 | Reached **** piety under the Shining One
 60907 | Depths:3 | Reached skill level 5 in Invocations
 61293 | Depths:4 | Reached XP level 23. HP: 184/217 MP: 29/29
 62012 | Depths:4 | Reached ***** piety under the Shining One
 62013 | Depths:4 | Found a corrupted altar of Lugonu.
 62298 | Depths:5 | Entered Level 5 of the Depths
 62588 | Depths:5 | Found a gate to the Realm of Zot.
 63500 | Depths:5 | Reached skill level 5 in Translocations
 63736 | Depths:5 | Noticed Xtahua
 63797 | Depths:5 | Paralysed by Xtahua for 5 turns
 63805 | Depths:5 | HP: 10/218 [Xtahua/searing blast (18)]
 63809 | Depths:4 | Mangled by a purple very ugly thing

Skill      XL: |  1  2  3  4  5  6  7  8  9 10 11 12 13 14 15 16 17 18 19 20 21 22 23 |
---------------+----------------------------------------------------------------------+-----
Axes           | 4 5 6 8 9 10 13 | 13.1
Maces & Flails | 4 9 13 15 | 15.6
Fighting       | 4 7 9 12 14 15 16 18 19 20 | 20.8
Armour         | 3 7 9 10 11 13 15 16 17 18 | 18.8
Shields        | 3 9 12 15 18 21 24 25 | 25.0
Dodging        | 6 10 12 13 14 15 | 15.9
Evocations     | 4 7 9 10 | 10.0
Invocations    | 1 5 6 |  6.7
Charms         | 1 3 4 |  4.7
Translocations | 1 4 5 |  5.1
Spellcasting   | 1 3 4 |  4.6

Action                   |  1- 3 |  4- 6 |  7- 9 | 10-12 | 13-15 | 16-18 | 19-21 | 22-24 || total
-------------------------+-------+-------+-------+-------+-------+-------+-------+-------++-------
Melee: Hand axe          |    89 |   128 |    37 |       |       |       |       |       ||   254
       Headbutt          |    17 |    22 |    47 |   176 |   492 |   658 |   806 |   382 ||  2600
       Morningstar       |       |       |   193 |   211 |       |       |       |       ||   404
       Flail             |       |       |       |   664 |  1833 |  2107 |  1726 |       ||  6330
       War axe           |       |       |       |       |       |       |   448 |  1080 ||  1528
Invok: Berserk           |       |     1 |     6 |     6 |     6 |    13 |     7 |       ||    39
       Trog's Hand       |       |       |     1 |     2 |     5 |     8 |    11 |       ||    27
       Brothers in Arms  |       |       |       |       |     1 |       |     7 |       ||     8
       Divine Shield     |       |       |       |       |       |       |       |     2 ||     2
Evoke: Wand              |       |       |       |       |       |     1 |    13 |       ||    14
  Use: Scroll            |       |     3 |     3 |    12 |    15 |    26 |    16 |     1 ||    76
       Potion            |       |       |       |     1 |     4 |    12 |     3 |     8 ||    28
 Stab: Distracted        |       |       |       |       |       |       |     2 |       ||     2
  Eat: Chunk             |     1 |     3 |    16 |    22 |    35 |    12 |    15 |     3 ||   107
       Ration            |       |     3 |       |     4 |     5 |    14 |    13 |     6 ||    45
Armor: Animal skin       |     5 |       |       |       |       |       |       |       ||     5
       Chain mail        |    17 |    23 |       |       |       |       |       |       ||    40
       Scale mail        |       |    38 |    91 |    33 |       |       |       |       ||   162
       Plate armour      |       |       |       |   344 |   594 |   526 |   366 |   266 ||  2096
Dodge: Dodged            |    49 |    52 |   116 |   148 |   221 |   340 |   529 |   396 ||  1851
Block: Large shield      |       |       |       |   716 |  1682 |  2395 |  2422 |  1454 ||  8669
